Unix NetHack Version 5.0.0-0 post-release - last build May 31 2026 13:37:37 (4f47d67043fb8e84071ad9bc9740482a2de5bd5e,branch:main).

Game began 2026-05-30 16:36:33, ended 2026-05-31 16:45:27.

IanCurtis, chaotic male elven Wizard

 -----
 |)@aa@    -----                ------            -----------     ----------
 |)a.|#    |...-###########     |.....####        |..........#    |........|
 |)..|f    |.)>|          ### ##.....|  ##        |.........|#####|........|
 |).)|f   #....|            # # |....|   ##       |.........|    #.........|
 -----#   #|...|           #####---.--    ##      |.........|     |........|
      #   #|....#         ##   ##  ##      ###    |.........|     --.-------
      #   #-----#         #     #   #        #####..........|       ###
      #   ####  #         #     #   #             --------|--         #
      #      #  ##        #     ######`                ####           #
     ##      #   #        #       ---.--  #            #              #
    ##       #   #        #       |....| ########### ###              #
    #--------#   # -------#       |....|   #     ############         ##
    #|......|#   # |{....|#       |....|   # ---------------#       ---.-
    #|......|#   ##-.....|#       |.....#####-.............|######` |^..|
    #-.......#     |...<..########-....|    #|.............|        |..^|
     --------      -------        --+---    #|.............|        |...|
                                            #-.............|        |...|
                                             ---------------        -----

IanCurtis the Thaumaturge  St:9 Dx:13 Co:15 In:18 Wi:11 Ch:11  Chaotic
Dlvl:8  $:496 HP:0(43) Pw:18(85) AC:6  Xp:6 T:4265  Satiated

Latest messages:
 You fail to cast the spell correctly.
 The kitten picks up a crossbow bolt.
 You are suddenly moving much faster.
 This door is locked.
 Unlock it with your lock pick? [ynq] (q) y
 You succeed in picking the lock.
 The kitten drops a crossbow bolt.
 The door opens.
 In what direction? j
 The spell hits the jackal!
 You kill the jackal!
 The spell hits the yeti!
 In what direction? j
 The spell hits the yeti!
 You kill the yeti!
 You see here a yeti corpse.
 You see here a yeti corpse.
 There is a yeti corpse here; eat it? [ynq] (n) y
 This yeti corpse is tough.
 You stop eating the yeti corpse.
 In what direction? j
 The spell hits the jackal!
 You kill the jackal!
 There is a partly eaten yeti corpse here; eat it? [ynq] (n) y
 You resume your meal.
 You finish eating the yeti corpse.
 The panther hits!
 The panther hits again!
 The panther bites!
 The panther hits!
 The panther hits again!
 The panther bites!
 In what direction? .
 You feel better.
 The panther hits!
 The panther just misses!
 The panther bites!
 Your legs get new energy.
 The panther hits!
 The panther hits again!
 The panther bites!
 Are you waiting to get hit?  Use 'm' prefix to force a no-op (to rest).
 You miss the soldier ant.
 In what direction? .
 You feel better.
 The soldier ant bites!
 The soldier ant stings!
 The soldier ant's sting was poisoned!
 You die...
 Do you want your possessions identified? [ynq] (y) q

Inventory:
 Coins    ('$')
  $ - 496 gold pieces
 Weapons  (')')
  a - a blessed +1 quarterstaff (weapon in hands)
 Armor    ('[')
  w - an uncursed +0 pair of gauntlets of dexterity (being worn)
  o - an uncursed +0 pair of high boots (being worn)
  b - an uncursed +0 cloak of magic resistance (being worn)
 Comestibles  ('%')
  n - an uncursed tripe ration
  D - an uncursed lizard corpse
 Scrolls  ('?')
  H - an uncursed scroll of confuse monster
  y - an uncursed scroll of enchant weapon
  i - 2 uncursed scrolls of identify
 Spellbooks  ('+')
  A - an uncursed spellbook of healing
  B - an uncursed spellbook of healing
 Potions  ('!')
  z - 2 blessed potions of healing
  J - 4 uncursed potions of healing
  g - an uncursed potion of oil
  t - an uncursed potion of paralysis
  s - an uncursed potion of polymorph
  v - a cursed potion of see invisible
  f - 2 uncursed potions of water
  r - an uncursed potion of water
 Rings    ('=')
  C - an uncursed ring of fire resistance
  x - an uncursed ring of free action
  d - an uncursed ring of see invisible
  e - an uncursed ring of shock resistance
 Wands    ('/')
  c - a wand of cancellation (0:5)
  u - a wand of fire (0:4)
 Tools    ('(')
  m - an uncursed tooled horn
  k - an uncursed lock pick
  l - a magic marker (0:20)

IanCurtis the Wizard's attributes:

Background:
 You were a Thaumaturge, a level 6 male elven Wizard.
 You were chaotic, nominally on a mission for Anhur
 who was opposed by Ptah (lawful) and Thoth (neutral).
 You were right-handed.
 You were in the Dungeons of Doom, on level 8.
 You entered the dungeon 4265 turns ago.
 There was a full moon in effect when your adventure ended.
 You had 575 experience points, 65 more were needed to attain level 7.

Basics:
 You had 0 out of 43 hit points.
 You had 18 out of 85 energy points (spell power).
 Your armor class was 6.
 Your wallet contained 496 zorkmids.
 Autopickup was off.

Final Characteristics:
 Your strength was 9 (limit:18).
 Your dexterity was 13 (limit:18).
 Your constitution was 15 (limit:16).
 Your intelligence was 18 (limit:20).
 Your wisdom was 11 (limit:20).
 Your charisma was 11 (limit:18).

Final Status:
 You were satiated.
 You were unencumbered.
 You were wielding a quarterstaff.
 You had basic skill with quarterstaff and could have enhanced that.

Final Attributes:
 You were piously aligned.
 You were magic-protected.
 You were sleep resistant.
 You were telepathic.
 You had infravision.
 You were warded.
 You were very fast.
 You were lucky.
 You are dead.

Miscellaneous:
 You didn't encounter any bones levels.
 Total elapsed playing time was 1 hour, 15 minutes and 12 seconds.

Major events:
 Turn
    1: IanCurtis the chaotic male elven Wizard entered the dungeon
 1157: attained the rank of Conjurer (level 3)
 2531: attained the rank of Thaumaturge (level 6)
 4265: killed by a soldier ant

Spells:
 Name                 Level Category     Fail Retention
 force bolt             1   attack         0%   71%-80%
 haste self             3   escape        71%  76%-100%
 detect food            2   divination    31%  76%-100%
 extra healing          3   healing       71%  76%-100%
 detect treasure        4   divination    98%  76%-100%
 wizard lock            2   matter        31%  76%-100%
 healing                1   healing        0%  76%-100%

Skills:
 Fighting Skills
   bare handed combat [Unskilled]
   riding             [Unskilled]
 Weapon Skills
   dagger             [Unskilled]
   knife              [Unskilled]
   axe                [Unskilled]
   short sword        [Unskilled]
   club               [Unskilled]
   mace               [Unskilled]
   quarterstaff       [Basic]
   polearms           [Unskilled]
   spear              [Unskilled]
   trident            [Unskilled]
   sling              [Unskilled]
   dart               [Unskilled]
   shuriken           [Unskilled]
 Spellcasting Skills
   attack spells      [Basic]
   healing spells     [Unskilled]
   divination spells  [Unskilled]
   enchantment spells [Basic]
   clerical spells    [Unskilled]
   escape spells      [Unskilled]
   matter spells      [Unskilled]

Voluntary challenges:
 Character rerolling was not enabled.
 You were an atheist.
 You never genocided any monsters.
 You never polymorphed an object.
 You never changed form.
 You used no wishes.
Achievements:
 You entered a shop.
 You attained the rank of Conjurer.
 You attained the rank of Thaumaturge.

 The Dungeons of Doom: levels 1 to 9
    Level 1:
       Some fountains.
    Level 2:
       A general store.
    Level 3:
       An armor shop.
    Level 4:
       A ring shop.
    Level 5:
       A fountain, a sink, a grave.
    Level 6:
       A throne.
    Level 7: "vault"
       Some fountains.
    Level 8: <- You were here.
       A weapon shop, a fountain.
       Final resting place for
          you, killed by a soldier ant.
    Level 9:


Vanquished creatures:
  a small mimic
  a dwarf ruler
 an ettin zombie
  a dwarf mummy
  a yeti
  2 lizards
  2 apes
  3 bugbears
  a water nymph
  a rock piercer
  2 fog clouds
  a gnomish wizard
  2 floating eyes
  a kitten
  a kobold shaman
 an orc zombie
  a dwarf zombie
 an iguana
  2 acid blobs
  a coyote
  3 hobgoblins
  a brown mold
  a yellow mold
  5 gnomes
  a gnome zombie
  a gecko
  2 jackals
  2 goblins
  4 bats
  3 lichens
  5 newts
55 creatures vanquished.

No species were genocided or became extinct.

Game over:
                       ----------
                      /          \
                     /    REST    \
                    /      IN      \
                   /     PEACE      \
                  /                  \
                  |    IanCurtis     |
                  |      496 Au      |
                  |   killed by a    |
                  |   soldier ant    |
                  |                  |
                  |                  |
                  |       2026       |
                 *|     *  *  *      | *
        _________)/\\_//(\/(/\)/\//\/|_)_______

Goodbye IanCurtis the Wizard...

You died in The Dungeons of Doom on dungeon level 8 with 3147 points,
and 496 pieces of gold, after 4265 moves.
You were level 6 with a maximum of 43 hit points when you died.

